 Dungeon Crawl Stone Soup version 0.29.1-2-gbd0b4ee654 (webtiles) character file.

Game seed: 6777229650083627804

8344 TheSquidPope the Zephyrmancer (level 11, 0/56 HPs)
             Began as a Tengu Air Elementalist on Oct 29, 2022.
             Was a Priest of Vehumet.
             Shot with an arrow by a centaur (10 damage)
             ... on level 11 of the Dungeon.
             The game lasted 02:44:05 (13734 turns).

TheSquidPope the Zephyrmancer (TeAE)               Turns: 13734, Time: 02:44:05

Health: 0/56       AC:  3    Str:  9    XL:     11   Next: 29%
Magic:  25/26      EV: 16    Int: 20    God:    Vehumet [***...]
Gold:   592        SH:  0    Dex: 20    Spells: 16/30 levels left

rFire   . . .      SeeInvis .   g - staff of conjuration
rCold   . . .      Faith    .   (no shield)
rNeg    . . .      Spirit   .   a - +0 robe
rPois   .          Reflect  .   (helmet restricted)
rElec   .          Harm     .   (no cloak)
rCorr   .          Rampage  .   H - +0 pair of gloves
Will    .....                   (boots unavailable)
Stlth   +++.......              h - amulet of regeneration
HPRegen 0.98/turn               x - +6 ring of dexterity
MPRegen 0.20/turn               (no ring)

@: flying quickly and evasively, quick
A: beak, talons 3, nimble flight
a: Renounce Religion


You were on level 11 of the Dungeon.
You worshipped Vehumet.
Vehumet was most pleased with you.
You visited 2 branches of the dungeon, and saw 12 of its levels.

You collected 592 gold pieces.

Inventory:

Hand Weapons
 F - a +0 lajatang
 G - a +2 hand axe of electrocution
 S - a +2 flail of venom
 T - a +3 battleaxe of freezing
 Y - a +3 dagger of chaos
Missiles
 d - 127 stones
 v - 5 atropa-tipped darts
 K - 2 datura-tipped darts
 O - a throwing net
 U - 2 poisoned darts
 V - 2 curare-tipped darts
Armour
 a - a +0 robe (worn)
 H - a +0 pair of gloves (worn)
Magical Staves
 g - a staff of conjuration (weapon)
 o - a staff of cold
Jewellery
 h - an amulet of regeneration (around neck)
 u - an amulet of the acrobat
 x - a +6 ring of dexterity (left hand)
 X - an amulet of guardian spirit
Wands
 m - a wand of quicksilver (4)
 D - a wand of iceblast (5)
 N - a wand of polymorph (6)
Scrolls
 c - 2 scrolls of enchant weapon
 f - 2 scrolls of magic mapping {unknown}
 l - a scroll of identify
 q - 3 scrolls of noise
 r - 2 scrolls of summoning {unknown}
 s - a scroll of vulnerability {unknown}
 t - a scroll of blinking {unknown}
 y - 2 scrolls of enchant armour {unknown}
 z - 3 scrolls of teleportation
 E - 3 scrolls of amnesia {unknown}
 I - a scroll of poison {unknown}
 L - a scroll of brand weapon {unknown}
 P - 2 scrolls of silence {unknown}
 Q - a scroll of immolation
 W - 2 scrolls of acquirement {unknown}
 Z - 2 scrolls of fog
Potions
 b - 3 potions of magic
 e - a potion of resistance {unknown}
 i - 3 potions of haste
 j - a potion of cancellation
 k - 3 potions of curing
 n - 2 potions of invisibility
 p - 5 potions of lignification
 w - a potion of mutation {unknown}
 A - 5 potions of might
 B - a potion of flight {unknown}
 C - a potion of heal wounds {unknown}
 J - a potion of brilliance
 M - a potion of berserk rage {unknown}


   Skills:
 + Level 1.5 Fighting
 + Level 0.7 Maces & Flails
 + Level 3.1 Dodging
 + Level 4.7 Stealth
 + Level 10.1 Spellcasting
 + Level 10.1 Conjurations
 + Level 0.2 Fire Magic
 + Level 13.3 Air Magic
 + Level 0.2 Evocations


You had 16 spell levels left.
You knew the following spells:

 Your Spells              Type           Power      Damage    Failure   Level
a - Shock                 Conj/Air       100%       1d9       1%          1
b - Static Discharge      Conj/Air       71%        3-12/arc  1%          2
c - Airstrike             Air            29%        2d(5-21)  1%          4
d - Swiftness             Air            59%        N/A       1%          3
e - Foxfire               Conj/Fire      100%       2x1d9     1%          1
f - Mephitic Cloud        Conj/Pois/Air  58%        N/A       1%          3

Your spell library contained the following spells:

 Spells                   Type           Power      Damage    Failure   Level
 Magic Dart               Conj           100%       1d8       1%          1
 Beastly Appendage        Tmut           20%        N/A       7%          1
 Call Imp                 Summ           10%        N/A       11%         2
 Wereblood                Tmut           10%        N/A       11%         2
 Spider Form              Tmut/Pois      10%        N/A       21%         3
 Summon Ice Beast         Ice/Summ       10%        N/A       56%         4
 Summon Mana Viper        Hex/Summ       10%        N/A       88%         5
 Monstrous Menagerie      Summ           5%         N/A       100%        7


Dungeon Overview and Level Annotations

Branches:
Dungeon (11/15)            Temple (1/1) D:5
   Lair: D:8-11         Orc: D:9-12

Altars:
Ashenzari
Cheibriados
Dithmenos
Elyvilon
Fedhas
Gozag
Hepliaklqana
Kikubaaqudgha
Makhleb
Nemelex Xobeh
Okawaru
Qazlal
Ru
Sif Muna
Trog
Uskayaw
Vehumet
Wu Jian
Xom
Yredelemnul
Zin
The Shining One

Shops:
D:7 (

Annotations:
D:6 3 runed translucent doors, Anandil's ghost, novice DsGl
D:7 Maggie
D:11 1 runed translucent door, gdog's ghost, journeyman GnDe


Innate Abilities, Weirdness & Mutations

You have a beak for a mouth.
You have claws for feet.
Your magical nature lets you fly swiftly and evasively.


Message History

The vampire mosquito is struck by an arc of lightning!
You destroy the vampire mosquito!
Vehumet accepts your kill.
You feel your power returning.
The vampire mosquito is struck by an arc of lightning.
The vampire mosquito is lightly damaged.
You are struck by an arc of lightning!
* * * LOW HITPOINT WARNING * * *
The vampire mosquito is struck by an arc of lightning!
The vampire mosquito is severely damaged.
You are struck by an arc of lightning.
* * * LOW HITPOINT WARNING * * *
The vampire mosquito is struck by an arc of lightning!
You destroy the vampire mosquito!
Vehumet accepts your kill.
You feel your power returning.
You are struck by an arc of lightning.
* * * LOW HITPOINT WARNING * * *
The lightning grounds out.
The centaur shoots an arrow.
The arrow completely misses you.
The centaur shoots an arrow.
The arrow barely misses you.
The centaur shoots an arrow.
The arrow hits you.
* * * LOW HITPOINT WARNING * * *
You hear a shout!
As you read the scroll of fear, it crumbles to dust.
You assume a fearsome visage.
The centaur looks frightened!
A centaur comes into view.
The centaur wields a +0 shortbow.
The centaur shoots an arrow.
The arrow misses you.
You hear a shout!
The centaur shoots an arrow.
The arrow barely misses you.
The centaur shoots an arrow.
The arrow misses you.
The centaur shoots an arrow.
The arrow misses you.
The centaur shoots an arrow.
The arrow hits you but does no damage.
Found 12 gold pieces.
Found a potion of curing.
The centaur shoots an arrow.
The arrow hits you!
* * * LOW HITPOINT WARNING * * *
The centaur shoots an arrow.
The arrow barely misses you.
The centaur shoots an arrow.
The arrow hits you!
You die...

#.....#
#.....###
.?†......
#.# #c# #.#
#.# # #.#
##########.#
. #.#
#.......@..#
.. #.#
#c########!#
~~
#.#######.#
.# ~.
#.c.......#
.# . ..
#.#########
.###. #....
#.# #...
...^. #.##
#######.#..#
#....
.#.#####
.....#.#..#
#.# #
###....# #
#.....
#..### #.###


You could see a centaur.

Vanquished Creatures
  2 two-headed ogres
  A smoke demon (D:10)
  An unseen horror (D:10)
  Psyche (D:9)
  A kobold demonologist (D:11)
  2 trolls
  A hornet (D:8)
  3 yaks (D:9)
  3 fire bats (D:10)
  A fire elemental (D:9)
  4 vampire mosquitoes
  A water moccasin (D:7)
  An ice beast (D:7)
  2 orc warriors
  A sky beast (D:7)
  2 black bears
  An ogre (D:4)
  2 wolves (D:11)
  3 centaurs
  5 kobold brigands
  Blork the orc (D:5)
  4 bullfrogs
  A gnoll sergeant (D:7)
  4 scorpions
  4 wights (D:8)
  12 killer bees
  An electric eel (D:11)
  4 howler monkeys
  A lava snake (D:7)
  2 hounds
  2 jellies (D:6)
  6 orc priests
  2 iguanas
  9 orc wizards
  A mummy (D:5)
  6 gnolls
  5 adders
  A shadow imp (D:5)
  An ufetubus (D:4)
  4 worms
  A dart slug (D:3)
  36 orcs
  6 bats
  6 endoplasms
  6 giant cockroaches
  13 goblins
  10 hobgoblins
  8 jackals
  4 quokkas
  9 ball pythons
  3 frilled lizards
  29 kobolds
  7 rats
247 creatures vanquished.

Vanquished Creatures (others)
  4 foxfires (D:11)
  9 plants (D:4)
13 creatures vanquished.

Grand Total: 260 creatures vanquished

Notes
Turn   | Place    | Note
-------+----------+-------------------------------------------
     0 | D:1      | TheSquidPope the Tengu Air Elementalist began the quest for
                  | the Orb.
     0 | D:1      | Reached XP level 1. HP: 10/10 MP: 4/4
   322 | D:1      | Reached XP level 2. HP: 11/15 MP: 0/6
   562 | D:1      | Learned a level 2 spell: Static Discharge
   917 | D:1      | Reached XP level 3. HP: 17/19 MP: 2/7
  2369 | D:2      | Reached XP level 4. HP: 23/24 MP: 5/9
  2446 | D:2      | Found a faded altar of an unknown god.
  2891 | D:3      | Reached skill level 5 in Air Magic
  3067 | D:3      | Gained mutation: Your magical nature lets you fly swiftly
                  | and evasively. [Tengu growth]
  3067 | D:3      | Reached XP level 5. HP: 28/28 MP: 3/10
  3185 | D:3      | Learned a level 4 spell: Airstrike
  3226 | D:3      | Learned a level 3 spell: Swiftness
  4023 | D:4      | Noticed a black bear
  4459 | D:4      | Reached XP level 6. HP: 32/33 MP: 2/12
  4549 | D:4      | Found a broken altar of Ashenzari.
  4689 | D:4      | Reached skill level 6 in Air Magic
  5321 | D:4      | Reached XP level 7. HP: 37/37 MP: 10/14
  5647 | D:5      | Entered Level 5 of the Dungeon
  5740 | D:5      | Noticed Blork the orc
  5748 | D:5      | Killed Blork the orc
  5749 | D:5      | Reached skill level 7 in Air Magic
  5827 | D:5      | Reached skill level 5 in Conjurations
  5859 | D:5      | Found a snail-covered altar of Cheibriados.
  6032 | D:5      | Found a staircase to the Ecumenical Temple.
  6042 | D:5      | Reached skill level 5 in Spellcasting
  6108 | Temple   | Entered the Ecumenical Temple
  6324 | Temple   | Became a worshipper of Vehumet
  6399 | D:6      | Reached XP level 8. HP: 42/42 MP: 12/16
  6791 | D:6      | Reached skill level 1 in Fighting
  6910 | D:6      | Reached skill level 8 in Air Magic
  6937 | D:6      | Found a glowing silver altar of Zin.
  6937 | D:6      | Noticed an angel
  7040 | D:6      | Reached * piety under Vehumet
  7040 | D:6      | Offered knowledge of Freeze by Vehumet.
  7147 | D:6      | Found a runed translucent gate.
  7147 | D:6      | Found a runed translucent gate.
  7147 | D:6      | Found a runed translucent gate.
  7148 | D:6      | Noticed Anandil's ghost (novice DsGl)
  7901 | D:7      | Reached skill level 9 in Air Magic
  7901 | D:7      | Reached XP level 9. HP: 33/47 MP: 11/19
  8411 | D:7      | Found Sitor's Weapon Boutique.
  8741 | D:7      | Noticed Maggie
  9390 | D:7      | Found a blossoming altar of Fedhas.
  9549 | D:7      | Reached skill level 10 in Air Magic
  9549 | D:7      | Offered knowledge of Foxfire by Vehumet.
  9554 | D:7      | Learned a level 1 spell: Foxfire
  9554 | D:7      | Found a basalt altar of Yredelemnul.
  9559 | D:7      | Found a bloodstained altar of Trog.
  9571 | D:7      | Found a shimmering altar of Xom.
  9803 | D:8      | Reached ** piety under Vehumet
  9983 | D:8      | Noticed a hornet
 10130 | D:8      | Killed a hornet
 10131 | D:8      | Reached XP level 10. HP: 52/52 MP: 11/22
 10655 | D:8      | Found a hazy altar of Hepliaklqana.
 10863 | D:9      | Found an ancient bone altar of Kikubaaqudgha.
 10863 | D:9      | Found an opulent altar of Gozag.
 10863 | D:9      | Found a sacrificial altar of Ru.
 11063 | D:9      | Noticed Psyche
 11066 | D:9      | Killed Psyche
 11067 | D:9      | Reached skill level 11 in Air Magic
 11220 | D:9      | Found an ornate altar of the Wu Jian Council.
 11375 | D:9      | Noticed a two-headed ogre
 11381 | D:9      | Killed a two-headed ogre
 11381 | D:9      | Offered knowledge of Mephitic Cloud by Vehumet.
 11386 | D:9      | Learned a level 3 spell: Mephitic Cloud
 11930 | D:10     | Entered Level 10 of the Dungeon
 12178 | D:10     | Noticed a smoke demon
 12179 | D:10     | Noticed a smoke demon
 12179 | D:10     | Noticed a smoke demon
 12184 | D:10     | Reached skill level 12 in Air Magic
 12576 | D:10     | Reached *** piety under Vehumet
 12583 | D:10     | Killed an unseen horror
 12799 | D:10     | Killed a smoke demon
 12800 | D:10     | Reached XP level 11. HP: 56/56 MP: 8/25
 12929 | D:10     | Reached skill level 10 in Conjurations
 12940 | D:10     | Noticed a salamander tyrant
 13114 | D:11     | Noticed a two-headed ogre
 13190 | D:11     | Found a runed translucent door.
 13190 | D:11     | Noticed gdog's ghost (journeyman GnDe)
 13190 | D:11     | Noticed an ogre mage
 13318 | D:11     | Killed a two-headed ogre
 13319 | D:11     | Reached skill level 10 in Spellcasting
 13319 | D:11     | Reached skill level 13 in Air Magic
 13536 | D:11     | Noticed a cyclops
 13711 | D:11     | HP: 2/56 [centaur/arrow (5)]
 13734 | D:11     | Shot with an arrow by a centaur

Illustrated notes

Levels and vault maps discovered:
D:1:      psy_arrival_statuary, layout_loops_ring
D:2:      layout_basic, nicolae_ecumenical_snake_handling
D:3:      layout_loops_corners, minmay_misc_feat_rows
D:4:      layout_rooms, lemuel_doored_altar, lexackson_kobold_supper
D:5:      layout_gridville, slow_altar_1, minmay_temple_entry_proselytizer,
          uniq_blork_the_orc
D:6:      layout_basic, zin_angel, gammafunk_ghost_necromancy,
          grunt_decor_fettered, minmay_between
D:7:      layout_basic, lemuel_coloured_pillars_altar,
          minmay_overflow_temple_star_quad, serial_shops,
          nicolae_inconvenience_store, kennysheep_generic_room_9, uniq_maggie
D:8:      layout_rooms, lemuel_round_altar
D:9:      layout_irregular_city, nzn_wu_jian_council_hall,
          gammafunk_temple_overflow_forgotten, uniq_psyche
D:10:     minmay_firetagon, layout_basic, uniq_erolcha
D:11:     layout_loops_ring, erik_lair_island, ebering_ghost_inner_flame,
          nicolae_uskayaw_murder_on_the_dancefloor, uniq_fannar
Temple:   dpeg_chambers_temple

Skill      XL: |  1  2  3  4  5  6  7  8  9 10 11 |
---------------+----------------------------------+-----
Conjurations   | 2 3 4 5 7 8 9 10 | 10.1
Spellcasting   | 3 4 5 6 7 9 10 | 10.1
Air Magic      | 5 6 7 9 10 12 13 | 13.3
Stealth        | 3 4 |  4.7
Fighting       | 1 |  1.5
Dodging        | 3 |  3.1
Maces & Flails | |  0.7
Fire Magic     | |  0.2
Evocations     | |  0.2

Action                   |  1- 3 |  4- 6 |  7- 9 | 10-12 || total
-------------------------+-------+-------+-------+-------++-------
Melee: Mace              |    15 |     4 |       |       ||    19
       Peck              |     2 |       |       |     5 ||     7
       Kick              |     2 |     1 |       |    10 ||    13
       Lajatang          |       |       |       |    15 ||    15
 Cast: Shock             |    81 |   135 |   183 |    84 ||   483
       Static Discharge  |     1 |     5 |    38 |    26 ||    70
       Airstrike         |       |       |    30 |    29 ||    59
       Foxfire           |       |       |       |     2 ||     2
       Mephitic Cloud    |       |       |       |     1 ||     1
Evoke: Wand              |       |       |       |     2 ||     2
  Use: Scroll            |       |     4 |     4 |     8 ||    16
       Potion            |       |       |     1 |     2 ||     3
Armor: Robe              |    17 |     5 |     1 |     6 ||    29
Dodge: Dodged            |    50 |    22 |    32 |    36 ||   140
